 Dungeon Crawl Stone Soup version 0.16.1-51-g6203257 (webtiles) character file.

2914 Peronor the Nimble (level 9, -4/73 HPs)
             Began as a Minotaur Monk on July 22, 2015.
             Was a High Priest of Qazlal.
             Slain by fneyf's ghost (8 damage)
             ... on level 8 of the Dungeon.
             The game lasted 00:38:48 (5700 turns).

Peronor the Nimble (Minotaur Monk)                  Turns: 5700, Time: 00:38:48

Health: -4/73      AC:  9    Str: 19    XL:     9   Next: 50%
Magic:  6/6        EV: 18    Int:  7    God:    Qazlal [*****.]
Gold:   268        SH:  7    Dex: 15    Spells: 0 memorised, 8 levels left

rFire  . . .     SeeInvis .       - Unarmed
rCold  . . .     Clarity  +     a - +0 robe
rNeg   + . .     SustAb   .     (no shield)
rPois  .         Gourm    .     (helmet restricted)
rElec  .         Spirit   .     d - +0 cloak
rCorr  .         Warding  +     c - +0 pair of gloves
rMut   .         Stasis   .     (no boots)
MR     +....                    g - amulet of warding
Stlth  +.........               h - ring of protection from magic (curse)
                                e - +5 ring of protection

@: flying, repel missiles, somewhat resistant to hostile enchantments, very
unstealthy
A: retaliatory headbutt, horns 2, thin skeletal structure 1, clarity, frail 1,
wild magic 1
a: Upheaval, Elemental Force, Disaster Area, Renounce Religion


You were on level 8 of the Dungeon.
You worshipped Qazlal.
Qazlal was extremely pleased with you.
You were not hungry.

You visited 2 branches of the dungeon, and saw 9 of its levels.
You also visited: Ossuary.

You collected 373 gold pieces.
You spent 105 gold pieces at shops.

Inventory:

Armour
 a - a +0 robe (worn)
 c - a +0 pair of gloves (worn)
 d - a +0 cloak (worn)
Jewellery
 e - a +5 ring of protection (left hand)
 g - an amulet of warding (around neck)
 h - a cursed ring of protection from magic (right hand)
 k - a cursed +2 ring of intelligence
Magical devices
 i - a wand of disintegration (0)
 r - a wand of lightning (0)
 s - a wand of cold (6)
Scrolls
 j - 3 scrolls of remove curse
 l - 2 scrolls of identify
 m - 2 scrolls of enchant weapon
 o - 2 scrolls of amnesia
 t - a scroll of fear
Potions
 f - 2 potions of curing
 q - a potion of magic
Comestibles
 b - a meat ration
 n - a royal jelly
 u - a bread ration


   Skills:
 + Level 8.3 Fighting
 + Level 9.8 Dodging
 + Level 3.0 Stealth
 + Level 9.1 Unarmed Combat
 + Level 1.4 Evocations


You had 8 spell levels left.
You didn't know any spells.

Dungeon Overview and Level Annotations

Branches:
Dungeon (8/15)             Temple (1/1) D:4
   Lair: D:8-11

Altars:
Ashenzari
Cheibriados
Dithmenos
Elyvilon
Fedhas
Gozag
Kikubaaqudgha
Makhleb
Nemelex Xobeh
Okawaru
Qazlal
Ru
Sif Muna
Trog
Vehumet
Xom
Yredelemnul
Zin

Shops:
D:5 (   D:6 *}

Annotations:
D:8 Dowan; Duvessa; fneyf's ghost, experienced FoEE


Innate Abilities, Weirdness & Mutations

You reflexively headbutt those who attack you in melee.
You have a pair of horns on your head.
You have a somewhat thin skeletal structure (Dex +2, Stealth).
You possess an exceptional clarity of mind.
You are frail (-10% HP).
Your spells are a little harder to cast, but a little more powerful.


Message History

Duvessa is engulfed in freezing vapours.
You hit fneyf's ghost.
Fneyf's ghost is lightly damaged.
You block fneyf's ghost's attack.
You hit fneyf's ghost but do no damage. Your headbutt misses fneyf's ghost.
Fneyf's ghost is lightly damaged.
Fneyf's ghost hits you! Fneyf's ghost burns you.
* * * LOW HITPOINT WARNING * * *
Drink which item? (? for menu, Esc to quit)
You feel better. Fneyf's ghost hits you.
* * * LOW HITPOINT WARNING * * *
Fneyf's ghost burns you.
* * * LOW HITPOINT WARNING * * *
Zapping:
r - a wand of lightning {zapped: 3} (will waste charges)
Press: ? - help, Shift-Dir - straight line, f - Duvessa
Aim: Duvessa, wielding a short sword (heavily wounded) Nothing appears to happen.
Fneyf's ghost hits you!
* * * LOW HITPOINT WARNING * * *
Fneyf's ghost burns you!
You die...

.#...# # .....#.#
+#......
....####.#########
..§§.....#.......#
...#######.#####.#
...#######.#####.#
...............#.#
.......###.##.##@#
.......# #.##.##W##
.......# #.##.§§ee#
.......# #.##.....#
.......# #.##.....#
.......+ ..##.....#
.......# ####.....# .
.....# #.....# ..
#.....############..#


You could see Duvessa, Dowan and fneyf's ghost.

Vanquished Creatures
  Prince Ribbit (D:7)
  A sky beast (D:6)
  2 orc warriors
  2 phantoms (D:7)
  4 ogres
  An ice beast (D:8)
  2 centaurs
  2 elf zombies (Ossuary)
  A gnoll sergeant (D:6)
  An elf skeleton (D:6)
  4 giant frogs
  2 jellies
  3 scorpions
  4 crimson imps
  A goliath beetle (D:7)
  An iguana (D:5)
  2 centaur zombies (Ossuary)
  An orc wizard (D:7)
  3 orc priests
  2 human zombies (D:6)
  5 worker ants
  A big kobold zombie (Ossuary)
  2 mummies (Ossuary)
  A worker ant zombie (D:8)
  16 adders
  5 gnolls (D:6)
  A giant mite (D:4)
  2 shadow imps
  2 worms
  2 adder zombies (Ossuary)
  6 giant geckos
  An ooze (D:2)
  21 orcs
  2 ball pythons
  2 bat skeletons
  4 giant cockroaches
  13 goblins
  7 hobgoblins
  14 jackals
  3 quokkas
  9 bats
  A giant cockroach zombie (D:5)
  A giant gecko skeleton (D:4)
  A giant gecko zombie (D:5)
  2 giant newts
  A giant spore (D:6)
  10 hobgoblin zombies (Ossuary)
  A jackal zombie (Ossuary)
  13 kobolds
  9 kobold zombies (Ossuary)
  3 orc skeletons (D:6)
  9 orc zombies (Ossuary)
  15 rats
  A rat zombie (Ossuary)
  3 ballistomycetes (D:6)
  2 plants (D:7)
231 creatures vanquished.

Vanquished Creatures (others)
  A bat (D:4)
  A kobold (D:4)
2 creatures vanquished.

Grand Total: 233 creatures vanquished

Notes
Turn   | Place    | Note
--------------------------------------------------------------
     0 | D:1      | Peronor, the Minotaur Monk, began the quest for the Orb.
     0 | D:1      | Reached XP level 1. HP: 19/19 MP: 1/1
   214 | D:1      | Reached XP level 2. HP: 20/27 MP: 1/1
   862 | D:2      | Found a bloodstained altar of Trog.
   919 | D:2      | Reached XP level 3. HP: 24/33 MP: 2/2
  1016 | D:2      | Reached skill level 5 in Unarmed Combat
  1067 | D:2      | Found a sparkling altar of Nemelex Xobeh.
  1294 | D:2      | Reached XP level 4. HP: 35/40 MP: 2/2
  1314 | D:2      | Found a shadowy altar of Dithmenos.
  1315 | D:2      | Found an iron altar of Okawaru.
  1318 | D:2      | Found a snail-covered altar of Cheibriados.
  1319 | D:2      | Found a stormy altar of Qazlal.
  1344 | D:2      | Became a worshipper of Qazlal Stormbringer
  1344 | D:2      | Acquired Qazlal's first power
  1344 | D:2      | Acquired Qazlal's second power
  1479 | D:3      | Noticed a giant frog
  1483 | D:3      | Killed a giant frog
  1483 | D:3      | Reached XP level 5. HP: 43/46 MP: 2/2
  1523 | D:3      | Noticed a centaur
  1531 | D:3      | Killed a centaur
  1531 | D:3      | Reached skill level 5 in Dodging
  1543 | D:3      | Gained mutation: You are agile. (Dex +2) [potion of mutation]
  1543 | D:3      | Gained mutation: You are frail (-10% HP). [potion of mutation]
  1543 | D:3      | Gained mutation: Your spells are a little harder to cast, but a little more powerful. [potion of mutation]
  1714 | D:3      | Reached XP level 6. HP: 41/47 MP: 3/3
  1812 | D:3      | Gained mutation: You possess an exceptional clarity of mind. [potion of mutation]
  1812 | D:3      | Lost mutation: You are agile. (Dex +2) [potion of mutation]
  1812 | D:3      | Gained mutation: You have a somewhat thin skeletal structure (Dex +2, Stealth). [potion of mutation]
  1822 | D:3      | Found a bloodstained altar of Trog.
  1975 | D:3      | Reached skill level 6 in Unarmed Combat
  2142 | D:4      | Reached skill level 5 in Fighting
  2204 | D:4      | Acquired Qazlal's third power
  2232 | D:4      | Found a radiant altar of Vehumet.
  2358 | D:4      | Found a sacrificial altar of Ru.
  2383 | D:4      | Found a staircase to the Ecumenical Temple.
  2394 | Temple   | Entered the Ecumenical Temple
  2793 | D:4      | Noticed an angel
  2794 | D:4      | Found a glowing silver altar of Zin.
  2860 | D:4      | Reached XP level 7. HP: 54/54 MP: 3/3
  3038 | D:5      | Entered Level 5 of the Dungeon
  3109 | D:5      | Reached skill level 7 in Dodging
  3246 | D:5      | Found a shattered altar of Ashenzari.
  3395 | D:5      | Found Crawn's Antique Weapon Shop.
  3413 | D:5      | Acquired Qazlal's fourth power
  3814 | D:6      | Found Cluatuag's Assorted Antiques.
  3866 | D:6      | Bought a scroll labeled SYSSAS NOCHOTS for 21 gold pieces
  3866 | D:6      | Bought 3 scrolls labeled RYEMOSO QOUCRUE for 63 gold pieces
  3866 | D:6      | Bought a scroll labeled NAPLAZ SOSHRU for 21 gold pieces
  3932 | D:6      | Reached XP level 8. HP: 61/63 MP: 3/3
  3985 | D:6      | Found Liumigiq's Gadget Emporium.
  4204 | D:6      | Found a deep blue altar of Sif Muna.
  4327 | D:6      | Found a sand-covered staircase.
  4332 | Ossuary  | Entered an ossuary
  4384 | Ossuary  | Acquired Qazlal's fifth power
  4432 | Ossuary  | Reached skill level 8 in Dodging
  4904 | D:7      | Reached XP level 9. HP: 62/71 MP: 4/4
  4930 | D:7      | Reached skill level 9 in Dodging
  5183 | D:7      | Found an ancient bone altar of Kikubaaqudgha.
  5375 | D:7      | Noticed Prince Ribbit
  5391 | D:7      | Killed Prince Ribbit
  5391 | D:7      | Reached skill level 1 in Evocations
  5667 | D:8      | Noticed fneyf's ghost (experienced FoEE)
  5671 | D:8      | Noticed Duvessa
  5692 | D:8      | Noticed Dowan
  5700 | D:8      | Slain by fneyf's ghost

Action                   |  1- 3 |  4- 6 |  7- 9 || total
-------------------------+-------+-------+-------++-------
Melee: Unarmed           |    94 |   157 |   351 ||   602
Evoke: Wand              |       |       |    12 ||    12
  Use: Scroll            |     9 |       |     4 ||    13
       Potion            |     2 |     6 |    10 ||    18
 Stab: Sleeping          |     1 |       |       ||     1
  Eat: Royal jelly       |     1 |       |       ||     1
       Bread ration      |       |     1 |     1 ||     2
       Meat ration       |       |       |     1 ||     1
